 Dungeon Crawl Stone Soup version 0.19-a0-585-ge40200b (webtiles) character file.

189580 Ery the Severer (level 17, -9/153 HPs)
             Began as a Minotaur Berserker on June 9, 2016.
             Was a High Priest of Trog.
             Killed from afar by a deep elf annihilator (62 damage)
             ... with an iron shot
             ... on level 3 of the Elven Halls.
             The game lasted 05:23:40 (33465 turns).

Ery the Severer (Minotaur Berserker)               Turns: 33465, Time: 05:23:41

Health: -9/153     AC: 30    Str: 21    XL:     17   Next: 95%
Magic:  5/5        EV: 15    Int:  4    God:    Trog [*****.]
Gold:   3448       SH: 14    Dex: 16    Spells: 0 memorised, 16 levels left

rFire  . . .     SeeInvis .     W - +7 war axe (antimagic)
rCold  . . .     Gourm    +     Z - +4 plate armour
rNeg   . . .     Faith    .     C - +0 shield
rPois  .         Spirit   .     (helmet unavailable)
rElec  +         Dismiss  .     t - +2 cloak
rCorr  .         Reflect  .     n - +0 pair of gloves
SustAt .         Harm     .     v - +1 pair of boots
MR     +++..     Rnd*Rage +     S - amulet of the gourmand
Stlth  ..........               I - +2 ring of evasion
                                w - ring of Qafeiwk {rElec Str-2 Int-2 Slay+5 Stlth+}

@: exhausted, very slightly contaminated, regenerating, slowed, very slow,
extremely resistant to hostile enchantments, extremely unstealthy
A: retaliatory headbutt, horns 3, talons 1, berserk 1, blink, clever 1, frail 1,
electricity resistance, wild magic 1
a: Blink, Berserk, Trog's Hand, Brothers in Arms, Burn Spellbooks, Renounce
Religion


You were on level 3 of the Elven Halls.
You worshipped Trog.
Trog was extremely pleased with you.
You were not hungry.

You visited 4 branches of the dungeon, and saw 28 of its levels.

You collected 3448 gold pieces.

Inventory:

Hand Weapons
 k - a +0 broad axe of flaming
 q - a +1 vampiric war axe
 Q - a +2 antimagic broad axe
 W - a +7 antimagic war axe (weapon)
Armour
 n - a +0 pair of gloves (worn)
 t - a +2 cloak (worn)
 v - a +1 pair of boots (worn)
 y - the +5 scale mail of the Crypt {+Inv rF++}
   (You found it on level 4 of the Dungeon)

   It greatly protects you from fire.
   It lets you turn invisible.
 C - a +0 shield (worn)
 Z - a +4 plate armour (worn)
Jewellery
 w - the ring of Qafeiwk (left hand) {rElec Str-2 Int-2 Slay+5 Stlth+}
   (You found it on level 4 of the Dungeon)

   [ring of intelligence]

   It affects your strength (-2).
   It affects your intelligence (-2).
   It affects your accuracy and damage with ranged weapons and melee attacks
   (+5).
   It insulates you from electricity.
   It makes you more stealthy.
 A - the ring "Ceudodd" {rF++ MP+9 Dex+4, unknown}
   (You took it off a deep elf annihilator on level 3 of the Elven Halls)

   [ring of magical power]

   It affects your dexterity (+4).
   It greatly protects you from fire.
   It affects your magic capacity (+9).
 I - a +2 ring of evasion (right hand)
 S - an amulet of the gourmand (around neck)
Wands
 B - a wand of hasting (3/9)
 H - a wand of teleportation (2/9)
Scrolls
 f - a scroll of summoning
 g - 6 scrolls of magic mapping
 h - a scroll of recharging
 j - 8 scrolls of remove curse
 l - 4 scrolls of blinking
 m - a scroll of fear
 o - 10 scrolls of enchant weapon
 p - 7 scrolls of teleportation
 r - 2 scrolls of brand weapon
 s - a scroll of enchant armour
 z - a scroll of holy word {unknown}
 G - a scroll of fog
 K - a scroll of acquirement
 Y - a scroll of immolation {unknown}
Potions
 a - 3 potions of heal wounds
 e - 12 potions of curing
 i - a potion of cancellation
 u - 3 potions of invisibility
 x - 4 potions of might
 J - 4 potions of haste
 L - 2 potions of flight
 O - 2 potions of ambrosia
 T - 2 potions of agility
Comestibles
 b - 9 beef jerkies
 c - 8 bread rations
 d - 12 meat rations
 R - 28 fruits


   Skills:
 * Level 20.1 Fighting
 - Level 20.5 Axes
 + Level 17.0 Armour
 * Level 10.9 Dodging
 + Level 13.7 Shields


You had 16 spell levels left.
You didn't know any spells.

Dungeon Overview and Level Annotations

Branches:
Dungeon (15/15)            Temple (0/1) D:7            Lair (8/8) D:11
 Shoals (0/4) Lair:3       Spider (0/4) Lair:3        Slime (0/6) Lair:7
    Orc (2/2) D:9             Elf (3/3) Orc:2        Vaults (0/5) D:14
 Depths (0/5) D:15

Altars:
Ashenzari
Dithmenos
Fedhas
Gozag
Hepliaklqana
Nemelex Xobeh
Okawaru
Pakellas
Qazlal
Ru
Sif Muna
Trog
Uskayaw
Xom
Zin
The Shining One
Jiyva

Shops:
D:6 (   D:7 *   D:11 =   Orc:2 }(?}   Elf:2 [

Annotations:
D:10 2 runed doors


Innate Abilities, Weirdness & Mutations

You reflexively headbutt those who attack you in melee.
You have a pair of large horns on your head.
You have sharp toenails.
You tend to lose your temper in combat.
You can translocate small distances at will.
Your mind is acute. (Int +2)
You are frail. (-10% HP)
You are resistant to electric shocks. (rElec)
Your spells are a little harder to cast, but a little more powerful.


Message History

Your plate armour prevents you from hitting the deep elf high priest.
The deep elf high priest is moderately wounded.
You hit the large abomination but do no damage.
The large abomination is lightly damaged.
You block the large abomination's attack.
The deep elf high priest mumbles some strange prayers to its god against you.
Something smites you!
The deep elf annihilator gestures wildly while chanting.
The deep elf annihilator blinks!
You slash the deep elf high priest!
Your headbutt misses the deep elf high priest.
The deep elf high priest is severely wounded.
You slash the large abomination!
The large abomination is moderately damaged.
The large abomination hits you!
The deep elf high priest is no longer giving off an aura.
You block the deep elf high priest's attack.
The deep elf annihilator points at you and mumbles some strange words.
The iron shot hits you!
You die...

##...##.#### #.........
#.....'..#.# #. #.........
#....##..#.# #.# #....)....
##..####.#.# #.# #.........
#### #.#.# #.# #.........
#.#.##.# #.........
#.#.#.#######........#
#...e###e.\##....##'##
##..X@...(..'.....#.##
########'.######.##.....#.##
..........(.# #.##.....#.##
.......)))..# #.##.....'...
######())..# #############
####)#.# ###..))#.# ##
#...(e.### #. #(.........#
#)


You could see a deep elf annihilator, a deep elf high priest and a large
abomination.

Vanquished Creatures
  Nikola (Elf:2)
  Rupert (Lair:6)
  2 deep elf blademasters (Elf:3)
  2 deep elf master archers (Elf:3)
  7 deep elf sorcerers
  A frost giant (D:15)
  Donald (Orc:2)
  A deep elf elementalist (Elf:3)
  7 deep elf demonologists
  2 deep elf annihilators (Elf:3)
  Snorg (D:14)
  2 fire dragons (Lair:8)
  4 deep elf death magi
  3 deep elf high priests
  A vault guard (D:14)
  5 hydras
  4 centaur warriors
  A catoblepas (Lair:5)
  The ghost of Econoterrorist the Slicer, a journeyman KoBe of Trog (Lair:2)
  24 dancing weapons
  A queen ant (Lair:4)
  14 death yaks
  The ghost of GeneralIdiocy the Wallflower, a novice DsGl of Uskayaw (D:9)
  11 deep elf knights
  Urug (Lair:4)
  A small abomination (Elf:1)
  A fire crab (Lair:8)
  The ghost of seba5609 the Covert, a novice VSAs of Uskayaw (D:14)
  3 unseen horrors
  10 hill giants
  5 lindwurms
  Pikel (D:6)
  11 deep elf archers
  5 orc knights
  45 deep elf magi
  3 ugly things
  5 griffons
  An orb spider (Lair:3)
  An orc sorcerer (Orc:2)
  4 cyclopes
  7 black mambas
  3 manticores
  15 elephants
  Maurice (D:8)
  7 torpor snails (Lair:8)
  16 spiny frogs
  2 centaur zombies
  13 rime drakes
  A gargoyle (D:14)
  5 centaur skeletons
  A yaktaur (D:15)
  A kobold demonologist (D:15)
  13 komodo dragons
  2 tengu conjurers (D:15)
  5 polar bears
  6 giant leeches (Lair:8)
  19 blink frogs
  4 trolls
  12 slime creatures
  7 two-headed ogres
  5 air elementals
  66 yaks
  2 wyverns
  A human (shapeshifter) (Elf:1)
  3 fire elementals
  A human (D:8)
  3 water elementals
  12 hippogriffs
  A vampire (D:13)
  8 vampire mosquitoes
  A steam dragon (Lair:8)
  4 hungry ghosts
  7 basilisks
  A mottled dragon (Lair:8)
  3 insubstantial wisps (Lair:1)
  20 soldier ants (Lair:4)
  14 water moccasins
  5 porcupines
  A hornet simulacrum (D:14)
  5 black bears
  A black bear (shapeshifter) (Elf:2)
  7 sky beasts
  3 ice beasts
  3 swamp drakes
  12 ogres
  A slave (D:6)
  29 orc warriors
  5 wasps
  5 phantoms
  A necrophage (D:14)
  10 wolves
  26 centaurs
  19 crocodiles
  2 big kobolds (D:10)
  19 giant frogs
  2 earth elementals
  A wyvern skeleton (D:12)
  A wyvern zombie (D:15)
  2 scorpions
  11 killer bees
  A howler monkey (D:14)
  An electric eel (Lair:5)
  13 wights
  7 crimson imps
  A quasit (D:8)
  3 giant frog zombies
  9 hounds
  16 jellies
  15 orc priests
  15 orc wizards
  7 giant frog skeletons
  17 iguanas
  40 worker ants
  36 sheep
  A hound skeleton (D:5)
  A worker ant zombie (D:10)
  4 gnolls (D:7)
  12 adders
  93 river rats
  7 shadow imps
  11 oozes
  An adder skeleton (D:6)
  2 adder zombies
  23 worms
  3 dart slugs
  4 giant geckos
  91 orcs
  4 bats
  4 giant cockroaches
  5 goblins
  5 hobgoblins
  18 jackals
  16 kobolds
  4 quokkas
  4 giant newts
  A jackal skeleton (D:4)
  5 rats
  4 bushes (Lair:1)
  4 crawling corpses (Elf:3)
  15 fungi
  7 plants
1189 creatures vanquished.

Vanquished Creatures (collateral kills)
  A deep elf elementalist (Elf:3)
  Nessos (Lair:6)
  A deep elf death mage (Elf:3)
  2 dancing weapons (Elf:2)
  5 orc warriors (Orc:2)
  An eye of draining (D:14)
  A giant frog (D:14)
  An orc (Orc:2)
13 creatures vanquished.

Vanquished Creatures (others)
  A deep elf sorcerer (Elf:3)
  A deep elf elementalist (Elf:3)
  A hound (D:6)
  17 fungi
  24 plants
44 creatures vanquished.

Grand Total: 1246 creatures vanquished

Notes
Turn   | Place    | Note
--------------------------------------------------------------
     0 | D:1      | Ery the Minotaur Berserker began the quest for the Orb.
     0 | D:1      | Reached XP level 1. HP: 19/19 MP: 0/0
   368 | D:1      | Reached XP level 2. HP: 27/27 MP: 1/1
   990 | D:1      | Found a glowing silver altar of Zin.
  1134 | D:2      | Reached XP level 3. HP: 26/33 MP: 2/2
  1845 | D:2      | Found a glowing golden altar of the Shining One.
  2127 | D:3      | Reached ** piety under Trog
  2134 | D:3      | Reached XP level 4. HP: 41/41 MP: 3/3
  2155 | D:3      | Found a shadowy altar of Dithmenos.
  2204 | D:3      | Reached skill level 5 in Fighting
  2629 | D:3      | Found a shimmering altar of Xom.
  2742 | D:4      | Reached XP level 5. HP: 38/48 MP: 4/4
  2744 | D:4      | Reached skill level 5 in Axes
  2769 | D:4      | Noticed a phantom
  2782 | D:4      | Killed a phantom
  2782 | D:4      | Reached XP level 6. HP: 57/57 MP: 5/5
  2944 | D:4      | Found a sparkling altar of Nemelex Xobeh.
  2969 | D:4      | Got a glittering amber ring
  2971 | D:4      | Identified the cursed ring of Qafeiwk {rElec Str-2 Int-2 Slay+5 Stlth+} (You found it on level 4 of the Dungeon)
  3016 | D:4      | Found a blossoming altar of Fedhas.
  3218 | D:4      | Reached *** piety under Trog
  3244 | D:4      | Got a shimmering scale mail
  3255 | D:4      | Identified the +5 scale mail of the Crypt {+Inv rF++} (You found it on level 4 of the Dungeon)
  3339 | D:5      | Entered Level 5 of the Dungeon
  3339 | D:5      | Noticed an ice beast
  3346 | D:5      | Reached XP level 7. HP: 64/64 MP: 6/6
  3409 | D:5      | Reached skill level 5 in Armour
  4069 | D:6      | Reached **** piety under Trog
  4117 | D:6      | Reached XP level 8. HP: 68/73 MP: 7/7
  4148 | D:6      | Noticed a dagger
  4154 | D:6      | Noticed a dagger
  4159 | D:6      | Found a hide-covered altar of Uskayaw.
  4475 | D:6      | Found a hazy altar of Hepliaklqana.
  4600 | D:6      | Found Dukoyh's Weapon Shop.
  4636 | D:6      | Noticed Pikel
  4643 | D:6      | Paralysed by Pikel for 6 turns
  4653 | D:6      | Killed Pikel
  5067 | D:7      | Reached XP level 9. HP: 80/82 MP: 8/8
  5232 | D:7      | Found an oddly glowing altar of Pakellas.
  5343 | D:7      | Reached skill level 5 in Dodging
  5632 | D:7      | Found a staircase to the Ecumenical Temple.
  5804 | D:7      | Found Cojes's General Store.
  5917 | D:7      | Reached ***** piety under Trog
  6249 | D:8      | You fall through a shaft for 3 floors!
  6249 | D:11     | Noticed a green ugly thing
  6260 | D:11     | Killed a green ugly thing
  6285 | D:11     | Reached skill level 10 in Armour
  6297 | D:11     | Reached skill level 10 in Fighting
  6492 | D:11     | Noticed a hill giant
  6502 | D:11     | Reached XP level 10. HP: 89/93 MP: 9/9
  6516 | D:11     | Killed a hill giant
  6639 | D:11     | Found a staircase to the Lair.
  7006 | D:11     | Found Hituppah's Jewellery Boutique.
  7341 | D:10     | Entered Level 10 of the Dungeon
  8160 | D:10     | Noticed a hill giant
  8167 | D:10     | Killed a hill giant
  8240 | D:10     | Reached XP level 11. HP: 97/103 MP: 10/10
  8296 | D:10     | Received a gift from Trog
  8542 | D:10     | Found a runed door.
  8574 | D:10     | Noticed a hill giant
  8583 | D:10     | Killed a hill giant
  8714 | D:10     | Found a deep blue altar of Sif Muna.
  8752 | D:10     | Identified a scroll of acquirement
  8934 | D:10     | Found a runed door.
  9112 | D:9      | Found a staircase to the Orcish Mines.
  9115 | D:9      | Noticed a hill giant
  9124 | D:9      | Killed a hill giant
  9337 | D:9      | Noticed a griffon
  9348 | D:9      | Killed a griffon
  9502 | D:9      | Noticed GeneralIdiocy's ghost (novice DsGl)
  9521 | D:9      | Killed GeneralIdiocy's ghost
  9883 | D:9      | Found a deep blue altar of Sif Muna.
  9884 | D:9      | Found a sacrificial altar of Ru.
  9885 | D:9      | Found a glowing silver altar of Zin.
  9886 | D:9      | Found an iron altar of Okawaru.
 10024 | D:8      | Found a shattered altar of Ashenzari.
 10175 | D:8      | Found a stormy altar of Qazlal.
 10265 | D:8      | Found a bloodstained altar of Trog.
 10285 | D:8      | Received a gift from Trog
 10546 | D:8      | Noticed Maurice
 10554 | D:8      | Killed Maurice
 10670 | D:8      | Reached skill level 1 in Shields
 10928 | D:10     | Killed an unseen horror
 11360 | D:12     | Noticed a hill giant
 11369 | D:12     | Killed a hill giant
 11369 | D:12     | Reached skill level 10 in Axes
 11500 | D:12     | Reached XP level 12. HP: 115/115 MP: 3/11
 11637 | D:12     | Noticed a five-headed hydra
 11648 | D:12     | Killed a seven-headed hydra
 12139 | D:12     | Gained mutation: You can translocate small distances at will. [mutagenic meat]
 12459 | D:13     | Noticed a seven-headed hydra
 12468 | D:13     | Killed a ten-headed hydra
 12820 | D:13     | Reached skill level 5 in Shields
 12986 | D:13     | Reached ****** piety under Trog
 13036 | D:13     | Found a deep blue altar of Sif Muna.
 13286 | D:13     | Gained mutation: You tend to lose your temper in combat. [mutagenic meat]
 13288 | D:13     | Gained mutation: You have a pair of large horns on your head. [mutagenic meat]
 13289 | D:13     | Gained mutation: You are resistant to electric shocks. (rElec) [mutagenic meat]
 13327 | D:13     | Found an opulent altar of Gozag.
 13686 | D:14     | Noticed a centaur warrior
 13695 | D:14     | Killed a centaur warrior
 13726 | D:14     | Found a gate to the Vaults.
 13726 | D:14     | Noticed a vault guard
 13737 | D:14     | Killed a vault guard
 13902 | D:14     | Received a gift from Trog
 14027 | D:14     | Reached XP level 13. HP: 107/123 MP: 4/12
 14382 | D:14     | Noticed seba5609's ghost (novice VSAs)
 14590 | D:14     | Killed seba5609's ghost
 14864 | D:14     | Noticed Snorg
 14874 | D:14     | Killed Snorg
 15036 | D:15     | Entered Level 15 of the Dungeon
 15865 | D:15     | Noticed a frost giant
 15872 | D:15     | Killed a frost giant
 15875 | D:15     | Found a staircase to the Depths.
 15945 | D:15     | Received a gift from Trog
 15981 | D:15     | Reached skill level 15 in Axes
 16454 | Orc:1    | Entered Level 1 of the Orcish Mines
 16701 | Orc:2    | Entered Level 2 of the Orcish Mines
 16783 | Orc:2    | Found a staircase to the Elven Halls.
 16858 | Orc:2    | Received a gift from Trog
 17494 | Orc:2    | Reached XP level 14. HP: 133/133 MP: 4/13
 17622 | Orc:2    | Found Iphoskem's Magic Scroll Shoppe.
 17622 | Orc:2    | Found Luraczul's Antique Weapon Shop.
 17624 | Orc:2    | Found Mynkahu's Gadget Boutique.
 17626 | Orc:2    | Found Giemebio's Gadget Emporium.
 18186 | Orc:2    | Noticed Donald
 18197 | Orc:2    | Killed Donald
 18621 | Lair:1   | Entered Level 1 of the Lair of Beasts
 18914 | Lair:1   | Reached skill level 10 in Shields
 19696 | Lair:2   | Noticed Econoterrorist's ghost (journeyman KoBe)
 19709 | Lair:2   | Killed Econoterrorist's ghost
 19805 | Lair:2   | Received a gift from Trog
 20283 | Lair:3   | Gained mutation: Your magical capacity is low. (-10% MP) [potion of mutation]
 20283 | Lair:3   | Lost mutation: Your magical capacity is low. (-10% MP) [potion of mutation]
 20283 | Lair:3   | Gained mutation: Your mind is acute. (Int +2) [potion of mutation]
 20735 | Lair:3   | Found a hole to the Spider Nest.
 20745 | Lair:3   | Found a staircase to the Shoals.
 21055 | Lair:3   | Received a gift from Trog
 21311 | Lair:4   | Noticed Urug
 21322 | Lair:4   | Killed Urug
 21710 | Lair:4   | Reached skill level 15 in Fighting
 21718 | Lair:4   | Reached skill level 15 in Armour
 22945 | Lair:5   | Found a sacrificial altar of Ru.
 23123 | Lair:5   | Reached XP level 15. HP: 141/141 MP: 4/14
 23127 | Lair:5   | Received a gift from Trog
 24040 | Lair:6   | Noticed Nessos
 24078 | Lair:6   | Killed Nessos
 24188 | Lair:6   | Received a gift from Trog
 24549 | Lair:6   | Noticed Rupert
 24560 | Lair:6   | Killed Rupert
 24950 | Lair:7   | Found a staircase to the Slime Pits.
 24951 | Lair:7   | Found a viscous altar of Jiyva.
 25157 | Lair:7   | Received a gift from Trog
 25822 | Lair:8   | Entered Level 8 of the Lair of Beasts
 26060 | Lair:8   | Found a labyrinth entrance.
 26602 | Lair:8   | Found a runed door.
 26640 | Lair:8   | Received a gift from Trog
 27473 | Lair:8   | Reached XP level 16. HP: 143/154 MP: 5/15
 28276 | Lair:8   | Received a gift from Trog
 28521 | Lair:8   | Gained mutation: Your spells are a little harder to cast, but a little more powerful. [potion of beneficial mutation]
 28995 | Elf:1    | Entered Level 1 of the Elven Halls
 29481 | Elf:1    | Noticed an Executioner
 29940 | Elf:1    | Received a gift from Trog
 30573 | Elf:2    | Found Ymosoic's Antique Armour Shop.
 30756 | Elf:2    | Found a runed gate.
 30759 | Elf:2    | Found a runed gate.
 30760 | Elf:2    | Found a runed gate.
 31319 | Elf:2    | Reached XP level 17. HP: 120/166 MP: 5/16
 31398 | Elf:2    | Received a gift from Trog
 31749 | Elf:2    | Noticed Nikola
 31762 | Elf:2    | Killed Nikola
 32125 | Elf:3    | Entered Level 3 of the Elven Halls
 32315 | Elf:3    | Reached skill level 10 in Dodging
 32474 | Elf:3    | Noticed a deep elf blademaster
 32477 | Elf:3    | Noticed a deep elf master archer
 32490 | Elf:3    | HP: 7/168 [deep elf master archer/arrow (9)]
 33098 | Elf:3    | Gained mutation: You have sharp toenails. [potion of beneficial mutation]
 33115 | Elf:3    | Noticed a Brimstone Fiend
 33144 | Elf:3    | Killed a deep elf master archer
 33144 | Elf:3    | Gained mutation: You are frail. (-10% HP) [a neqoxec]
 33362 | Elf:3    | Got a glittering ivory ring
 33409 | Elf:3    | Noticed a deep elf blademaster
 33426 | Elf:3    | Killed a deep elf blademaster
 33430 | Elf:3    | Noticed a deep elf master archer
 33437 | Elf:3    | Killed a deep elf master archer
 33448 | Elf:3    | Killed a deep elf blademaster
 33465 | Elf:3    | Killed from afar by a deep elf annihilator

Vault maps used:
D:1:      dpeg_arrival_lava_altar, hangedman_decor_peaks_small
D:2:      tso_oasis_becter
D:3:      old_standard_altar, hangedman_decor_push, grunt_dithmenos_smoke
D:4:      nemelex_xobeh_ov_fountains_minmay, first_bread, fedhas_altar_2
D:5:      minmay_gold_behind_fungi
D:6:      dancing_weapons_uskayaw, lemuel_round_altar, serial_shops,
          nicolae_shop_trees, uniq_pikel
D:7:      grunt_pakellas_basics, minmay_temple_entry_enclosed_plants,
          serial_shops, shop_fountains
D:8:      nicolae_overflow_crystal_walls, lemuel_crystal_altar,
          evilmike_ruin_ashenzari, nicolae_overflow_hidden_temple,
          grunt_livestock, uniq_maurice
D:9:      minitemple, orc_0_dummy
D:10:     lemuel_insect_pit, basic_altar, minmay_joined_circles
D:11:     lair_0_dummy, serial_shops, shop
D:13:     basic_altar, grunt_gozag_breadcrumbs
D:14:     david_vaults_5, infiniplex_staircase_zigzag_1,
          kennysheep_generic_room_7, uniq_snorg
D:15:     grunt_enter_depths_snipers, hex_intersection
Lair:1:   minmay_hedge_maze, pond
Lair:2:   grunt_megastairs_4, serial_bayou_shore_b, lemuel_fruit_fields,
          serial_bayou_shore_b, serial_bayou_shore_b
Lair:3:   minmay_shoals_entry_beasts, nicolae_spider_entry_orb_guardian,
          grunt_forest_large_clearings, grunt_megastairs_2,
          bh_autumn_forest_stairs
Lair:4:   minivault_29, uniq_urug
Lair:5:   lemuel_slime, basic_altar, infiniplex_staircase_pool,
          lemuel_fruit_tree
Lair:6:   nicolae_quartered_pool_little, minivault_27, beast_lair_carwin_3,
          uniq_nessos, uniq_rupert
Lair:7:   slime_altar_1, minmay_lair_drake_nest, lemuel_fruit_fields
Lair:8:   guppyfry_lair_end_dragon, wormcave, lab_entry_generic, st_stairs_11,
          kennysheep_basilisk_garden
Orc:1:    basic_altar
Orc:2:    st_orc_rangers, portal_ice_cave_entry_animals_and_master, uniq_donald
Elf:1:    kennysheep_underground_church
Elf:2:    serial_shops, shop, uniq_nikola
Elf:3:    minmay_elf_hall_quartered_circle, hangedman_decor_cross_pass

Skill      XL: |  1  2  3  4  5  6  7  8  9 10 11 12 13 14 15 16 17 |
---------------+----------------------------------------------------+-----
Fighting       | 4 5 6 7 8 10 11 13 14 15 16 18 20 | 20.1
Axes           | 4 5 7 8 9 10 13 15 17 19 20 | 20.5
Armour         | 3 4 6 8 10 12 13 14 15 16 17 | 17.0
Dodging        | 3 4 5 7 8 9 10 | 10.9
Shields        | 2 6 8 11 12 13 | 13.7

Action                   |  1- 3 |  4- 6 |  7- 9 | 10-12 | 13-15 | 16-18 || total
-------------------------+-------+-------+-------+-------+-------+-------++-------
Melee: Hand axe          |    72 |    91 |    54 |       |       |       ||   217
       Headbutt          |    15 |    20 |    45 |   139 |   308 |   136 ||   663
       Trident           |       |       |   144 |   287 |       |       ||   431
       War axe           |       |       |       |   254 |  1207 |   586 ||  2047
       Battleaxe         |       |       |       |     8 |       |       ||     8
       Executioner's axe |       |       |       |       |    27 |       ||    27
Invok: Berserk           |     2 |     2 |     2 |    20 |    13 |    10 ||    49
       Burn Spellbooks   |       |       |     1 |     1 |     3 |     1 ||     6
       Trog's Hand       |       |       |       |     4 |     8 |    17 ||    29
       Brothers in Arms  |       |       |       |       |     3 |     3 ||     6
 Abil: Blink             |       |       |       |     3 |       |       ||     3
  Use: Scroll            |       |    10 |     3 |    11 |     6 |     8 ||    38
       Potion            |       |       |       |       |     3 |     6 ||     9
 Stab: Distracted        |       |       |       |       |     2 |       ||     2
  Eat: Chunk             |     4 |     2 |    11 |    23 |    48 |    26 ||   114
       Bread ration      |       |     1 |     1 |     3 |       |       ||     5
       Beef jerky        |       |       |     1 |       |       |       ||     1
       Meat ration       |       |       |       |     2 |     3 |       ||     5
       Fruit             |       |       |       |     1 |     4 |     1 ||     6
       Pizza             |       |       |       |     4 |     4 |     4 ||    12
       Royal jelly       |       |       |       |       |     3 |     1 ||     4
Armor: Animal skin       |     6 |       |       |       |       |       ||     6
       Chain mail        |    11 |    48 |       |   276 |   110 |       ||   445
       Scale mail        |       |     3 |    88 |    69 |       |       ||   160
       Plate armour      |       |       |       |       |   344 |   212 ||   556
Dodge: Dodged            |    34 |    43 |   109 |   243 |   494 |   209 ||  1132
Block: Shield            |       |       |       |   142 |   629 |   329 ||  1100
